 Dungeon Crawl Stone Soup version 0.28-a0-1629-gf728b707aa (webtiles) character file.

Game seed: 3692083384389936438

69 Bzinder the Vexing (level 4, -3/21 HPs)
             Began as a Spriggan Enchanter on Jan 24, 2022.
             Slain by a worm (10 damage)
             ... on level 2 of the Dungeon.
             The game lasted 00:03:43 (1799 turns).

Bzinder the Vexing (Spriggan Enchanter)             Turns: 1799, Time: 00:03:43

Health: -3/21      AC:  3    Str:  6    XL:     4   Next: 2%
Magic:  11/11      EV: 17    Int: 16    God:
Gold:   89         SH:  0    Dex: 15    Spells: 3/11 levels left

rFire   . . .      SeeInvis +   a - +1 dagger
rCold   . . .      Faith    .   (no shield)
rNeg    . . .      Spirit   .   b - +1 robe
rPois   .          Reflect  .   (helmet restricted)
rElec   .          Harm     .   (no cloak)
rCorr   .          Rampage  .   (gloves unavailable)
Will    .....                   (boots unavailable)
Stlth   +++.......              f - amulet of magic regeneration
HPRegen 0.07/turn               (no ring)
MPRegen 0.52/turn               (no ring)

@: very quick
A: very small, no large weapons, unfitting armour, see invisible, speed 3
a: no special abilities


You were on level 2 of the Dungeon.
You visited 1 branch of the dungeon, and saw 2 of its levels.

You collected 89 gold pieces.

Inventory:

Hand Weapons
 a - a +1 dagger (weapon)
Armour
 b - a +1 robe (worn)
Jewellery
 f - an amulet of magic regeneration (around neck)
Potions
 c - a potion of invisibility
 d - a potion of flight
 e - a potion of curing {unknown}
 g - a potion of resistance {unknown}


   Skills:
 - Level 1.1 Short Blades
 - Level 2.6 Dodging
 - Level 4.4 Stealth
 + Level 4.2 Spellcasting
 + Level 4.9 Hexes


You had 3 spell levels left.
You knew the following spells:

 Your Spells              Type           Power      Damage    Failure   Level
a - Ensorcelled Hibernat  Hex/Ice        22%        N/A       9%          2
b - Tukima's Dance        Hex            19%        N/A       6%          3
c - Dazzling Flash        Conj/Hex       22%        N/A       19%         3

Your spell library contained the following spells:

 Spells                   Type           Power      Damage    Failure   Level
 Confusing Touch          Hex            19%        N/A       6%          3
 Animate Skeleton         Necr           6%         N/A       17%         1
 Pain                     Necr           12%        1d4       17%         1
 Vampiric Draining        Necr           3%         2d6       45%         3


Dungeon Overview and Level Annotations

Branches:
Dungeon (2/15)

Altars:
Vehumet


Innate Abilities, Weirdness & Mutations

You are very small and have problems with some larger weapons.
You are too small for most types of armour.
You have supernaturally acute eyesight. (SInv)
You cover ground extremely quickly. (Speed+++)


Message History

No target in view!
A worm is nearby!
Casting: Ensorcelled Hibernation (safe; 9% risk of failure)
Confirm with . or Enter, or press ? or * to list all spells.
Aiming: Ensorcelled Hibernation (safe; 9% risk of failure)
Press: ? - help, Shift-Dir - straight line, f - worm
Aim: a worm (chance to affect: 53%)
The worm looks drowsy...
The worm bites you.
You barely miss the worm. You hit the worm but do no damage.
The worm barely misses you.
You hit the worm.
The worm is lightly wounded.
You hit the worm.
The worm is lightly wounded.
The worm closely misses you.
You hit the worm.
The worm is lightly wounded.
You barely miss the worm.
The worm is lightly wounded.
The worm misses you.
You hit the worm.
The worm is lightly wounded.
The worm completely misses you.
You barely miss the worm.
The worm is lightly wounded.
You hit the worm.
The worm is moderately wounded.
The worm barely misses you.
You hit the worm.
The worm is moderately wounded.
You barely miss the worm.
The worm is moderately wounded.
The worm bites you.
You hit the worm.
The worm is moderately wounded.
You hit the worm but do no damage.
The worm is moderately wounded.
The worm bites you!
You die...

............#.......##.......#
.###......#...##.##.##.$.[...#
.####.........##.##)##.......#
..........###.##.##.##.......#
).####.##...#....##.##.......#
.## #.####.# #.....#........#
.## ..# #.###..............#
..###.#####.......####.[.....#
.............###@..###.......#
......#####...##w#.....##.####
...#### ####.##.#..)..# ..
....#### #.........###.......#
.#.....# #.........# ###.....#
##.###.# #.........# ......
##...#.# #.........# .....
####...# #.........#####.....#
# ##..###....|..<....... ..##


You could see a worm.

Vanquished Creatures
  4 adders
  A dart slug (D:1)
  2 bats (D:1)
  3 endoplasms
  4 goblins
  4 hobgoblins (D:2)
  3 kobolds
  5 ball pythons
  5 rats (D:1)
31 creatures vanquished.

Notes
Turn   | Place    | Note
-------+----------+-------------------------------------------
     0 | D:1      | Bzinder the Spriggan Enchanter began the quest for the Orb.
     0 | D:1      | Reached XP level 1. HP: 9/9 MP: 5/5
   582 | D:1      | Reached XP level 2. HP: 13/13 MP: 7/7
   585 | D:1      | Learned a level 2 spell: Ensorcelled Hibernation
  1026 | D:1      | Found a radiant altar of Vehumet.
  1086 | D:2      | Reached XP level 3. HP: 16/16 MP: 6/9
  1090 | D:2      | Learned a level 3 spell: Tukima's Dance
  1094 | D:2      | Learned a level 3 spell: Dazzling Flash
  1713 | D:2      | Reached XP level 4. HP: 11/21 MP: 9/11
  1799 | D:2      | Slain by a worm

Illustrated notes

Levels and vault maps discovered:
D:1:      dpeg_arrival_lava_altar, layout_rooms, minmay_tromino_i4
D:2:      layout_rooms, grunt_ministairs_14

Skill      XL: |  1  2  3 |
---------------+----------+-----
Spellcasting   | 3 4 |  4.2
Hexes          | 4 |  4.9
Short Blades   | |  1.1
Dodging        | |  2.6
Stealth        | |  4.4

Action                   |  1- 3 |  4- 6 || total
-------------------------+-------+-------++-------
Melee: Dagger            |    97 |    23 ||   120
       Punch             |     1 |     1 ||     2
 Cast: Ensorcelled Hiber |     9 |     1 ||    10
  Use: Scroll            |     3 |       ||     3
 Stab: Sleeping          |    14 |       ||    14
Armor: Robe              |     9 |     1 ||    10
Dodge: Dodged            |    65 |    12 ||    77

Table legend: (Time is in decaauts)
 A = Elapsed time spent in this place.
 B = Non-inter-level travel time spent in this place.
 C = Inter-level travel time spent in this place.
 D = Time resting spent in this place.
 E = Time spent auto-exploring this place.
 F = Levels seen in this place.
 G = Mean time per level.
                   A        B        C        D        E       F      G
               +--------+--------+--------+--------+--------+-----+--------+
         Total |   1466 |   1435 |     31 |    309 |    766 |   2 |  733.0 |
       Dungeon |   1466 |   1435 |     31 |    309 |    766 |   2 |  733.0 |
               +--------+--------+--------+--------+--------+-----+--------+

Top non-repeatable levels by time:
     D:1: 995 daAuts
     D:2: 470 daAuts
